Unix NetHack Version 5.0.0-0 post-release - last build Jun 10 2026 00:39:30 (3ee93aec679c4c4259841fe613dc97188e26a321,branch:main).

Game began 2026-06-13 17:10:36, ended 2026-06-13 18:05:20.

IanCurtis, chaotic male elven Wizard

                                ...
                               ..%.-
                              ..G@G.
                              ......
                              .....
                               ...
                                 Gh
                                 G

IanCurtis the Thaumaturge  St:8 Dx:18 Co:13 In:17 Wi:12 Ch:10  Chaotic
Dlvl:9  $:77 HP:0(40) Pw:37(75) AC:8  Xp:6 T:2338  Burdened

Latest messages:
 You hit the gnome lord!
 You kill the gnome lord!
 Welcome to experience level 6.
 There is a gnome lord corpse here; eat it? [ynq] (n) y
 Blecch!  Rotten food!
 You feel rather light headed.
 You stop eating the gnome lord corpse.
 There is a partly eaten gnome lord corpse here; eat it? [ynq] (n) y
 You consume the last bite of your meal.
 You finish eating the gnome lord corpse.
 The gnome wields a burnt bow!
 You feel less confused now.
 The gnome shoots an arrow!
 You are hit by an arrow!
 The gnome swings her bow.
 The gnome hits!
 You hit the gnome.
 The gnome swings her bow.
 The gnome hits!
 You kill the gnome!
 You see here an arrow.
 In what direction? l
 The spell hits the dwarf!
 You kill the dwarf!
 The spell hits the gnome!
 You kill the gnome!
 You have a little trouble lifting P - 2 tins.
 The hobbit wields a sling!
 You hit the gnome.
 You kill the gnome!
 You have a little trouble lifting Q - a partly used candle (lit).
 You kill the hobbit!
 You climb up the stairs.
 You fall down the stairs.
 A trap door opens up under you!
 You fall down a shaft!
 What do you want to put on? [eqtBN or ?*] ?
 Which ring-finger, Right or Left? [rl] r
 You move very quietly.
 t - a ring of stealth (on right hand).
 The gnome wields 5 daggers!
 The gnome thrusts one of her daggers.
 The gnome hits!
 You kill the gnome!
 The gnome lord wields a thonged club!
 The gnome lord secures the tether on the thonged club.
 The gnome lord swings his thonged club.
 The gnome lord hits!
 You die...
 Do you want your possessions identified? [ynq] (y) q

Inventory:
 Coins    ('$')
  $ - 77 gold pieces
 Weapons  (')')
  y - the +0 Sting
  a - a blessed +1 quarterstaff (weapon in hands)
 Armor    ('[')
  r - an uncursed +0 orcish helm (being worn)
  M - an uncursed +0 pair of kicking boots
  b - an uncursed +0 cloak of magic resistance (being worn)
 Comestibles  ('%')
  J - an uncursed sprig of wolfsbane
  K - 2 uncursed tripe rations
  P - 2 cursed rotten tins of hill orc meat
 Scrolls  ('?')
  k - an uncursed scroll of blank paper
  L - an uncursed scroll of blank paper
  A - an uncursed scroll of confuse monster
  j - an uncursed scroll of enchant armor
  p - an uncursed scroll of fire
  o - a blessed scroll of food detection
  i - an uncursed scroll of identify
  w - an uncursed scroll of scare monster named frighten monster
  I - a blessed scroll of taming
 Spellbooks  ('+')
  l - a blessed spellbook of force bolt
  m - an uncursed spellbook of magic missile
 Potions  ('!')
  s - an uncursed potion of hallucination
  f - 3 uncursed potions of healing
  g - an uncursed potion of levitation
  v - an uncursed potion of monster detection
  h - an uncursed potion of object detection
  x - 2 uncursed potions of water
 Rings    ('=')
  q - an uncursed ring of see invisible
  t - an uncursed ring of stealth (on right hand)
  e - an uncursed ring of sustain ability
  B - an uncursed ring of warning
 Wands    ('/')
  c - a wand of digging (0:4)
 Tools    ('(')
  N - an uncursed blindfold
  O - an expensive camera (0:73)
  n - a magic marker (0:19)
  d - a +0 pick-axe
  Q - an uncursed partly used tallow candle (lit)

IanCurtis the Wizard's attributes:

Background:
 You were a Thaumaturge, a level 6 male elven Wizard.
 You were chaotic, nominally on a mission for Anhur
 who was opposed by Ptah (lawful) and Thoth (neutral).
 You were right-handed.
 You were in the Gnomish Mines, on level 9.
 You entered the dungeon 2338 turns ago.
 You had 378 experience points, 262 more were needed to attain level 7.

Basics:
 You had 0 out of 40 hit points.
 You had 37 out of 75 energy points (spell power).
 Your armor class was 8.
 Your wallet contained 77 zorkmids.
 Autopickup was off.

Final Characteristics:
 Your strength was 8 (limit:18).
 Your dexterity was 18 (limit:18).
 Your constitution was 13 (limit:16).
 Your intelligence was 17 (limit:20).
 Your wisdom was 12 (limit:20).
 Your charisma was 10 (limit:18).

Final Status:
 You weren't hungry.
 You were burdened; movement was slightly slowed.
 You were wielding a quarterstaff.
 You had basic skill with quarterstaff.

Final Attributes:
 You were piously aligned.
 You were magic-protected.
 You were sleep resistant.
 You were poison resistant.
 You had infravision.
 You were stealthy.
 You were warded.
 You were fast.
 You are dead.

Miscellaneous:
 You didn't encounter any bones levels.
 Total elapsed playing time was 15 minutes and 44 seconds.

Major events:
 Turn
    1: IanCurtis the chaotic male elven Wizard entered the dungeon
  437: became literate by naming Sting
  686: attained the rank of Conjurer (level 3)
 1680: entered Sokoban
 2051: entered the Gnomish Mines
 2294: attained the rank of Thaumaturge (level 6)
 2338: killed by a gnome lord

Spells:
 Name                 Level Category     Fail Retention
 force bolt             1   attack         0%   81%-90%
 magic missile          2   attack         0%   81%-90%

Skills:
 Fighting Skills
   bare handed combat [Unskilled]
   riding             [Unskilled]
 Weapon Skills
   dagger             [Basic]
   knife              [Unskilled]
   axe                [Unskilled]
   short sword        [Unskilled]
   club               [Unskilled]
   mace               [Unskilled]
   quarterstaff       [Basic]
   polearms           [Unskilled]
   spear              [Unskilled]
   trident            [Unskilled]
   sling              [Unskilled]
   dart               [Unskilled]
   shuriken           [Unskilled]
 Spellcasting Skills
   attack spells      [Basic]
   healing spells     [Unskilled]
   divination spells  [Unskilled]
   enchantment spells [Basic]
   clerical spells    [Unskilled]
   escape spells      [Unskilled]
   matter spells      [Unskilled]

Voluntary challenges:
 Character rerolling was not enabled.
 You were an atheist.
 You never genocided any monsters.
 You never polymorphed an object.
 You never changed form.
 You used no wishes.
 You did not violate any of the special Sokoban rules.
Achievements:
 You attained the rank of Conjurer.
 You entered Sokoban.
 You entered the Gnomish Mines.
 You attained the rank of Thaumaturge.

 The Dungeons of Doom: levels 1 to 6
    Level 1:
       A sink.
    Level 2:
    Level 3:
       A sink.
    Level 4:
       Stairs down to The Gnomish Mines.
    Level 5:
       Many fountains.
       Oracle of Delphi.
    Level 6:
       A fountain.
       Stairs up to Sokoban, level 5.
 The Gnomish Mines: levels 5 to 9
    Level 5:
    Level 6:
    Level 7:
    Level 9: <- You were here.
       Final resting place for
          you, killed by a gnome lord.
 Sokoban:
    Level 5:
       Unsolved.


Vanquished creatures:
  a gnome ruler
  a violet fungus
  a gnome leader
  a red naga hatchling
  2 black naga hatchlings
  a golden naga hatchling
  a guardian naga hatchling
  a straw golem
  a kitten
  4 dwarves
  5 rothes
  a giant bat
  2 iguanas
  4 hobbits
  3 giant rats
 11 gnomes
  a gnome zombie
  2 geckos
  3 jackals
  a fox
  a kobold
  2 goblins
  2 sewer rats
  a grid bug
  2 bats
  4 lichens
  a kobold zombie
  3 newts
63 creatures vanquished.

No species were genocided or became extinct.

Game over:
                       ----------
                      /          \
                     /    REST    \
                    /      IN      \
                   /     PEACE      \
                  /                  \
                  |    IanCurtis     |
                  |      77 Au       |
                  |   killed by a    |
                  |    gnome lord    |
                  |                  |
                  |                  |
                  |       2026       |
                 *|     *  *  *      | *
        _________)/\\_//(\/(/\)/\//\/|_)_______

Goodbye IanCurtis the Wizard...

You died in The Gnomish Mines on dungeon level 9 with 1992 points,
and 77 pieces of gold, after 2338 moves.
You were level 6 with a maximum of 40 hit points when you died.

